 Dungeon Crawl Stone Soup version 0.28.0-45-g0d030f2227 (webtiles) character file.

Game seed: 1296001318253980193

756 DearestLeader the Grasshopper (level 7, 0/56 HPs)
             Began as a Gnoll Warper on Apr 7, 2022.
             Was an Initiate of Okawaru.
             Slain by a gargoyle
             ... wielding a +0 morningstar
              (21 damage)
             ... on level 5 of the Dungeon.
             The game lasted 00:08:19 (6383 turns).

DearestLeader the Grasshopper (Gnoll Warper)        Turns: 6383, Time: 00:08:20

Health: 0/56       AC: 15    Str: 12    XL:     7   Next: 79%
Magic:  15/15      EV: 11    Int: 15    God:    Okawaru [......]
Gold:   264        SH:  5    Dex:  9    Spells: 9/17 levels left

rFire   . . .      SeeInvis .   p - +1 hand axe (venom)
rCold   + + .      Faith    .   (no shield)
rNeg    + . .      Spirit   .   r - +6 ring mail of Day {Harm rC+ rN+ Dex-3}
rPois   .          Reflect  +   v - +2 helmet {Int+3}
rElec   .          Harm     +   (no cloak)
rCorr   .          Rampage  .   (no gloves)
Will    .....                   (no boots)
Stlth   +.........              f - amulet of reflection
HPRegen 0.18/turn               q - ring of protection from cold
MPRegen 0.14/turn               (no ring)

@: no status effects
A: fangs 1, strong nose, distributed training
a: Renounce Religion


You were on level 5 of the Dungeon.
You worshipped Okawaru.
Okawaru was noncommittal.
You visited 2 branches of the dungeon, and saw 6 of its levels.

You collected 264 gold pieces.

Inventory:

Hand Weapons
 p - a +1 hand axe of venom (weapon)
Missiles
 d - 2 boomerangs of dispersal
 g - 59 sling bullets
 j - 13 poisoned darts (quivered)
Armour
 r - the +6 ring mail of Day (worn) {Harm rC+ rN+ Dex-3}
   (You found it on level 3 of the Dungeon)

   Dex:       It affects your dexterity (-3).
   rC:        It protects you from cold.
   rN:        It protects you from negative energy.
   Harm:      It increases damage dealt and taken.
 v - a +2 helmet of intelligence (worn)
Jewellery
 f - an amulet of reflection (around neck)
 q - a ring of protection from cold (left hand)
Scrolls
 c - 2 scrolls of blinking
 e - 3 scrolls of identify
 i - a scroll of enchant armour {unknown}
 k - 2 scrolls of fog
 m - a scroll of teleportation {unknown}
 n - 2 scrolls of fear {unknown}
 s - a scroll of acquirement {unknown}
 u - a scroll of magic mapping {unknown}
Potions
 a - a potion of curing {unknown}
 h - a potion of brilliance
 o - a potion of flight {unknown}
 t - a potion of might {unknown}


   Skills:
 + Level 5.3 Fighting
 + Level 2.7 Short Blades
 + Level 2.7 Long Blades
 + Level 5.3 Axes
 + Level 2.7 Maces & Flails
 + Level 2.7 Polearms
 + Level 2.7 Staves
 + Level 2.7 Slings
 + Level 2.7 Bows
 + Level 2.7 Crossbows
 + Level 3.8 Throwing
 + Level 3.8 Armour
 + Level 5.3 Dodging
 + Level 2.7 Stealth
 + Level 2.7 Shields
 + Level 2.7 Unarmed Combat
 + Level 5.7 Spellcasting
 + Level 2.2 Conjurations
 + Level 2.2 Hexes
 + Level 2.2 Summonings
 + Level 2.2 Necromancy
 + Level 5.9 Translocations
 + Level 2.2 Transmutations
 + Level 2.2 Fire Magic
 + Level 2.2 Ice Magic
 + Level 2.2 Air Magic
 + Level 2.2 Earth Magic
 + Level 2.2 Poison Magic
 + Level 3.0 Invocations
 + Level 2.7 Evocations


You had 9 spell levels left.
You knew the following spells:

 Your Spells              Type           Power      Damage    Failure   Level
a - Blink                 Tloc           44%        N/A       4%          2
b - Gell's Gravitas       Tloc           22%        N/A       9%          3
c - Teleport Other        Tloc           22%        N/A       9%          3

Your spell library contained the following spells:

 Spells                   Type           Power      Damage    Failure   Level
 Lesser Beckoning         Tloc           22%        N/A       9%          3
 Manifold Assault         Tloc           22%        N/A       61%         5


Dungeon Overview and Level Annotations

Branches:
Dungeon (5/15)             Temple (1/1) D:4

Altars:
Elyvilon
Fedhas
Kikubaaqudgha
Okawaru
Qazlal
Ru
Vehumet
Wu Jian
Yredelemnul
Zin
The Shining One

Shops:
D:3 *


Innate Abilities, Weirdness & Mutations

You have very sharp teeth.
Your uncanny sense of smell can sniff out nearby items.
Your experience applies equally to all skills.


Message History

The gargoyle hurls a stone arrow at you.
The stone arrow hits you!
You barely miss the gargoyle.
The gargoyle is heavily damaged.
The gargoyle hurls a stone arrow at you.
The stone arrow misses you.
You closely miss the gargoyle.
You bite the gargoyle, but do no damage.
The gargoyle is heavily damaged.
You block the gargoyle's attack.
You barely miss the gargoyle.
The gargoyle is heavily damaged.
The gargoyle barely misses you.
You hit the gargoyle.
The gargoyle is severely damaged.
The gargoyle hits you with a +0 morningstar.
You hit the gargoyle but do no damage.
You bite the gargoyle, but do no damage.
The gargoyle is severely damaged.
The gargoyle hurls a stone arrow at you.
The stone arrow misses you.
You hit the gargoyle but do no damage.
The gargoyle is severely damaged.
The gargoyle hurls a stone arrow at you.
The stone arrow hits you!
You hit the gargoyle but do no damage.
The gargoyle is severely damaged.
The gargoyle hurls a stone arrow at you.
The stone arrow hits you.
You barely miss the gargoyle.
The gargoyle is severely damaged.
The gargoyle barely misses you.
You hit the gargoyle but do no damage.
You punch the gargoyle, but do no damage.
The gargoyle is severely damaged.
The gargoyle hits you but does no damage.
You hit the gargoyle but do no damage.
The gargoyle is severely damaged.
The gargoyle hits you with a +0 morningstar!!
You die...

#'# #.# #.###
##... ##...##
#.....# ##.
#9..##....
#@.......
#######..##.##..
................
#######.#######.
######## #.#
.......#######
#.#######
.#####.......#
#........ .#
#.#####.#
#.#######
.#####)### #.#
#.#


You could see a gargoyle.

Vanquished Creatures
  The ghost of Ablot the Grasshopper, an amateur GnWr (D:3)
  A necrophage (D:5)
  An ogre (D:4)
  A kobold brigand (D:3)
  A bullfrog (D:3)
  2 jellies
  An orc priest (D:4)
  Jessica (D:2)
  Robin (D:2)
  8 adders
  4 gnolls (D:4)
  4 worms
  3 dart slugs
  4 orcs
  6 endoplasms
  10 giant cockroaches
  16 goblins
  5 hobgoblins
  5 jackals
  13 kobolds
  4 quokkas
  7 ball pythons
  9 bats
  7 frilled lizards
  6 rats
121 creatures vanquished.

Vanquished Creatures (others)
  A kobold (D:3)
1 creature vanquished.

Grand Total: 122 creatures vanquished

Notes
Turn   | Place    | Note
-------+----------+-------------------------------------------
     0 | D:1      | DearestLeader the Gnoll Warper began the quest for the Orb.
     0 | D:1      | Reached XP level 1. HP: 20/20 MP: 6/6
     1 | D:1      | Found a runed translucent door.
     2 | D:1      | Noticed a jelly
   183 | D:1      | Reached XP level 2. HP: 7/26 MP: 7/7
  1173 | D:1      | Reached XP level 3. HP: 30/31 MP: 9/9
  1279 | D:1      | Reached skill level 5 in Spellcasting
  1314 | D:1      | Found a faded altar of an unknown god.
  1405 | D:1      | Reached skill level 1 in Short Blades
  1405 | D:1      | Reached skill level 1 in Long Blades
  1405 | D:1      | Reached skill level 1 in Maces & Flails
  1405 | D:1      | Reached skill level 1 in Polearms
  1405 | D:1      | Reached skill level 1 in Staves
  1405 | D:1      | Reached skill level 1 in Slings
  1405 | D:1      | Reached skill level 1 in Bows
  1405 | D:1      | Reached skill level 1 in Crossbows
  1405 | D:1      | Reached skill level 1 in Stealth
  1405 | D:1      | Reached skill level 1 in Shields
  1405 | D:1      | Reached skill level 1 in Unarmed Combat
  1405 | D:1      | Reached skill level 1 in Invocations
  1405 | D:1      | Reached skill level 1 in Evocations
  1424 | D:1      | Reached XP level 4. HP: 11/38 MP: 11/11
  1880 | D:2      | Noticed Jessica
  1890 | D:2      | Killed Jessica
  1891 | D:2      | Reached skill level 1 in Conjurations
  1891 | D:2      | Reached skill level 1 in Hexes
  1891 | D:2      | Reached skill level 1 in Summonings
  1891 | D:2      | Reached skill level 1 in Necromancy
  1891 | D:2      | Reached skill level 1 in Transmutations
  1891 | D:2      | Reached skill level 1 in Fire Magic
  1891 | D:2      | Reached skill level 1 in Ice Magic
  1891 | D:2      | Reached skill level 1 in Air Magic
  1891 | D:2      | Reached skill level 1 in Earth Magic
  1891 | D:2      | Reached skill level 1 in Poison Magic
  1989 | D:2      | Reached XP level 5. HP: 43/43 MP: 12/12
  2867 | D:2      | Noticed Robin
  2891 | D:2      | Killed Robin
  3300 | D:3      | Noticed a kobold brigand
  3318 | D:3      | Killed a kobold brigand
  3319 | D:3      | Reached XP level 6. HP: 27/50 MP: 14/14
  3556 | D:3      | Found a runed translucent door.
  3604 | D:3      | Found a glowing silver altar of Zin.
  3606 | D:3      | Found Zin's Purification Station.
  4189 | D:3      | Found a white marble altar of Elyvilon.
  4407 | D:3      | Identified the +6 ring mail of Day {Harm rC+ rN+ Dex-3}
  4524 | D:3      | Noticed Ablot's ghost (amateur GnWr)
  4590 | D:3      | Reached skill level 5 in Fighting
  4590 | D:3      | Reached skill level 5 in Axes
  4590 | D:3      | Reached skill level 5 in Dodging
  4593 | D:3      | Learned a level 2 spell: Blink
  4597 | D:3      | Learned a level 3 spell: Gell's Gravitas
  4601 | D:3      | Learned a level 3 spell: Teleport Other
  4828 | D:3      | Killed Ablot's ghost
  4829 | D:3      | Reached XP level 7. HP: 19/56 MP: 15/15
  5803 | D:4      | Found a staircase to the Ecumenical Temple.
  5809 | Temple   | Entered the Ecumenical Temple
  5814 | Temple   | Became a worshipper of Warmaster Okawaru
  6289 | D:5      | Entered Level 5 of the Dungeon
  6370 | D:5      | Noticed a gargoyle
  6383 | D:5      | Slain by a gargoyle

Illustrated notes

Levels and vault maps discovered:
D:1:      dpeg_arrival_caged_fury, layout_basic, chequers_ecumenical_altar_lobes
D:2:      layout_basic, nicolae_figureground_pulse, uniq_jessica, uniq_robin
D:3:      cheibrodos_thug_alley, layout_basic, elyvilon_altar_4, zin_purify,
          ebering_ghost_sewer_d, nicolae_figureground_sparkle
D:4:      layout_gridville, temple_green
D:5:      layout_loops_corners, ebering_ghost_reflecting_pool,
          minmay_manual_mail
Temple:   nicolae_temple_x_marks_the_god

Skill      XL: |  1  2  3  4  5  6  7 |
---------------+----------------------+-----
Spellcasting   | 5 |  5.7
Short Blades   | 1 2 |  2.7
Long Blades    | 1 2 |  2.7
Maces & Flails | 1 2 |  2.7
Polearms       | 1 2 |  2.7
Staves         | 1 2 |  2.7
Slings         | 1 2 |  2.7
Bows           | 1 2 |  2.7
Crossbows      | 1 2 |  2.7
Stealth        | 1 2 |  2.7
Shields        | 1 2 |  2.7
Unarmed Combat | 1 2 |  2.7
Invocations    | 1 2 3 |  3.0
Evocations     | 1 2 |  2.7
Conjurations   | 1 2 |  2.2
Hexes          | 1 2 |  2.2
Summonings     | 1 2 |  2.2
Necromancy     | 1 2 |  2.2
Transmutations | 1 2 |  2.2
Fire Magic     | 1 2 |  2.2
Ice Magic      | 1 2 |  2.2
Air Magic      | 1 2 |  2.2
Earth Magic    | 1 2 |  2.2
Poison Magic   | 1 2 |  2.2
Throwing       | 3 |  3.8
Armour         | 3 |  3.8
Fighting       | 5 |  5.3
Axes           | 5 |  5.3
Dodging        | 5 |  5.3
Translocations | |  5.9

Action                   |  1- 3 |  4- 6 |  7- 9 || total
-------------------------+-------+-------+-------++-------
Melee: Hand axe          |    89 |   292 |    64 ||   445
       Bite              |     8 |    14 |    13 ||    35
       Punch             |     1 |     3 |     2 ||     6
Throw: Dart              |       |       |    14 ||    14
       Boomerang         |       |       |     3 ||     3
  Use: Scroll            |       |     2 |       ||     2
 Stab: Sleeping          |       |     2 |       ||     2
Armor: Leather armour    |    18 |       |       ||    18
       Ring mail         |     2 |    92 |    13 ||   107
Dodge: Dodged            |    59 |   134 |    25 ||   218
Block: Other             |    17 |    62 |     9 ||    88
       Reflection        |       |       |     1 ||     1
